 Dungeon Crawl Stone Soup version 0.30-a0-1116-gebefce21f7 (webtiles) character file.

Game seed: 17560614328254142302

2 BlueFish the Charlatan (level 1, 0/13 HPs)
             Began as an Octopode Artificer on Apr 21, 2023.
             Slain by a quokka (4 damage)
             ... on level 1 of the Dungeon.
             The game lasted 00:00:27 (140 turns).

BlueFish the Charlatan (Octopode Artificer)          Turns: 140, Time: 00:00:27

Health: 0/13       AC:  1    Str: 11    XL:     1   Next: 40%
Magic:  1/1        EV: 13    Int: 13    God:
Gold:   0          SH:  0    Dex: 12    Spells: 0/0 levels left

rFire   . . .      SeeInvis .    a - +0 club
rCold   . . .      Faith    .    (no shield)
rNeg    . . .      Spirit   .    (helmet restricted)
rPois   .          Reflect  .    (no amulet)
rElec   .          Rampage  .    (no ring)
rCorr   .                        (no ring)
Will    .....                    (no ring)
Stlth   +++                      (no ring)
HPRegen 0.22/turn                (no ring)
MPRegen 0.07/turn                (no ring)
                                 (no ring)
                                 (no ring)

@: no status effects
A: almost no armour, amphibious, 8 rings, camouflage 1, gelatinous body 1,
(nimble swimmer 1), tentacles
a: no special abilities


You were on level 1 of the Dungeon.
You visited 1 branch of the dungeon, and saw 1 of its levels.

Inventory:

Hand Weapons
 a - a +0 club (weapon)
 b - a +0 sling
Missiles
 h - 3 stones
Wands
 c - a wand of charming (15)
 d - a wand of iceblast (5)
 g - a wand of flame (15) (quivered)
Scrolls
 e - a scroll of fear {unknown}
 f - a scroll of blinking {unknown}


   Skills:
 + Level 1.0 Fighting
 + Level 0.1 Maces & Flails
 + Level 0.0 Throwing
 + Level 2.3 Dodging
 + Level 1.5 Stealth
 + Level 0.1 Spellcasting
 + Level 3.3 Evocations


You couldn't memorise any spells.
You didn't know any spells.
Your spell library was empty.

Dungeon Overview and Level Annotations

Branches:
Dungeon (1/15)

Altars:


Innate Abilities, Weirdness & Mutations

You cannot wear most types of armour.
You are amphibious.
You can wear up to eight rings at the same time.
Your skin changes colour to match your surroundings (Stealth+).
Your rubbery body absorbs attacks. (AC +1, EV +1)
((You are camouflaged when in or above water. (Stealth+)))
You have tentacles for arms and can constrict up to eight enemies at once.


Message History

You open the door.
Found 3 stones.
There is an open door here.
You see here 3 stones.
h - 3 stones You open the door.
There is an open door here.
Found a stone staircase leading down.
There is a stone staircase leading down here.
A quokka comes into view.
You shoot a sling bullet. The sling bullet hits the quokka.
The quokka is heavily wounded.
You shoot a sling bullet.
The sling bullet barely misses the quokka.
You shoot a sling bullet.
The sling bullet hits the quokka but does no damage.
The quokka is moderately wounded.
a - a +0 club (weapon)
You hit the quokka but do no damage. Your grab misses the quokka.
The quokka is moderately wounded.
The quokka bites you. The quokka closely misses you.
You barely miss the quokka. Your grab misses the quokka.
Your squeeze misses the quokka.
The quokka is moderately wounded.
The quokka bites you.
* * * LOW HITPOINT WARNING * * *
You closely miss the quokka. You grab the quokka.
You tentacle-slap the quokka, but do no damage.
The quokka is moderately wounded.
You constrict the quokka. The quokka completely misses you.
The quokka closely misses you.
You hit the quokka but do no damage.
The quokka is heavily wounded.
You constrict the quokka. The quokka closely misses you.
You barely miss the quokka.
The quokka is severely wounded.
You constrict the quokka, but do no damage.
The quokka twitches its whiskers.
The quokka bites you.
You die...

##..## #.#
###..##
#.# .##.##
#.# .'..#
#.###
.####
#.#.. .#
#.#.# .#
#.#.# ##
#.#.#####.
#
#.@.......
###
###r######
..# .# ..#
.# ..# ..
..... ..
..#... ..#
#.#... ..#
.# ##


You could see a quokka.

Vanquished Creatures
  An endoplasm (D:1)
  A quokka (D:1)
2 creatures vanquished.

Notes
Turn   | Place    | Note
-------+----------+-------------------------------------------
     0 | D:1      | BlueFish the Octopode Artificer began the quest for the
                  | Orb.
     0 | D:1      | Reached XP level 1. HP: 13/13 MP: 1/1
   140 | D:1      | Slain by a quokka

Illustrated notes

Levels and vault maps discovered:
D:1:      evilmike_arrival_rings, layout_basic

Action                     || total
---------------------------++-------
  Melee: Club              ||     9
         Constrict         ||     1
         Punch             ||     1
         Tentacles         ||     1
   Fire: Sling             ||     3
   Stab: Sleeping          ||     1
  Dodge: Dodged            ||     6

Table legend: (Time is in decaauts)
 A = Elapsed time spent in this place.
 B = Non-inter-level travel time spent in this place.
 C = Inter-level travel time spent in this place.
 D = Time resting spent in this place.
 E = Time spent auto-exploring this place.
 F = Levels seen in this place.
 G = Mean time per level.
                   A        B        C        D        E       F      G
               +--------+--------+--------+--------+--------+-----+--------+
         Total |    142 |    142 |      0 |      0 |     96 |   1 |  142.0 |
       Dungeon |    142 |    142 |      0 |      0 |     96 |   1 |  142.0 |
               +--------+--------+--------+--------+--------+-----+--------+

Top non-repeatable levels by time:
     D:1: 142 daAuts
